 Dungeon Crawl Stone Soup version 0.27-a0-1177-g245c70e1c0 (webtiles) character file.

Game seed: 1476948206573070729

732 CougarLife the Shield-Bearer (level 7, -2/60 HPs)
             Began as a Gnoll Fighter on May 16, 2021.
             Slain by a gnoll
             ... wielding a +0 spear
              (6 damage)
             ... on level 5 of the Dungeon.
             The game lasted 00:04:36 (4987 turns).

CougarLife the Shield-Bearer (Gnoll Fighter)        Turns: 4987, Time: 00:04:37

Health: -2/60      AC:  9    Str: 16    XL:     7   Next: 73%
Magic:  11/11      EV:  8    Int:  9    God:
Gold:   319        SH: 10    Dex: 11    Spells: 11/11 levels left

rFire    . . .     SeeInvis .   a - +0 war axe
rCold    . . .     Faith    .   c - +0 kite shield
rNeg     . . .     Spirit   .   b - +0 scale mail
rPois    .         Reflect  .   (no helmet)
rElec    .         Harm     .   (no cloak)
rCorr    .         Rampage  .   u - +0 pair of gloves
Will     .....                  (no boots)
Stlth    +.........             p - amulet of the acrobat
HPRegen  0.20/turn              (no ring)
MPRegen  0.12/turn              (no ring)

@: no status effects
A: fangs 1, strong nose, distributed training
a: no special abilities


You were on level 5 of the Dungeon.
You visited 2 branches of the dungeon, and saw 6 of its levels.

You collected 319 gold pieces.

Inventory:

Hand Weapons
 a - a +0 war axe (weapon)
Missiles
 B - a throwing net (quivered)
Armour
 b - a +0 scale mail (worn)
 c - a +0 kite shield (worn)
 u - a +0 pair of gloves (worn)
Jewellery
 p - an amulet of the acrobat (around neck)
 v - an amulet of reflection
 w - a ring of wizardry
Wands
 q - a wand of polymorph (3)
 s - a wand of iceblast (8)
Scrolls
 f - a scroll of summoning {unknown}
 i - 6 scrolls of identify {unknown}
 k - 3 scrolls of enchant armour {unknown}
 m - 2 scrolls of fog {unknown}
 r - a scroll of blinking {unknown}
 t - a scroll of vulnerability {unknown}
 y - a scroll of immolation {unknown}
 D - a scroll of magic mapping {unknown}
 E - a scroll of silence {unknown}
Potions
 d - 2 potions of might
 e - 5 potions of curing {unknown}
 g - a potion of invisibility {unknown}
 h - a potion of heal wounds {unknown}
 j - 4 potions of attraction {unknown}
 l - a potion of berserk rage {unknown}
 n - a potion of brilliance {unknown}
 o - a potion of mutation {unknown}
 x - a potion of resistance {unknown}
 z - a potion of magic {unknown}
 A - a potion of haste {unknown}
 C - a potion of degeneration {unknown}


   Skills:
 + Level 7.1 Fighting
 + Level 2.6 Short Blades
 + Level 2.6 Long Blades
 + Level 5.3 Axes
 + Level 2.6 Maces & Flails
 + Level 2.6 Polearms
 + Level 2.6 Staves
 + Level 2.6 Slings
 + Level 2.6 Bows
 + Level 2.6 Crossbows
 + Level 2.6 Throwing
 + Level 7.1 Armour
 + Level 2.6 Dodging
 + Level 2.6 Stealth
 + Level 7.1 Shields
 + Level 2.6 Unarmed Combat
 + Level 2.6 Spellcasting
 + Level 2.1 Conjurations
 + Level 2.1 Hexes
 + Level 2.1 Summonings
 + Level 2.1 Necromancy
 + Level 2.1 Translocations
 + Level 2.1 Transmutations
 + Level 2.1 Fire Magic
 + Level 2.1 Ice Magic
 + Level 2.1 Air Magic
 + Level 2.1 Earth Magic
 + Level 2.1 Poison Magic
 + Level 3.0 Invocations
 + Level 2.6 Evocations


You had 11 spell levels left.
You didn't know any spells.
Your spell library contained the following spells:

 Spells                   Type           Power      Damage    Failure   Level
 Corona                   Hex            5%         N/A       73%         1
 Ensorcelled Hibernation  Hex/Ice        10%        N/A       86%         2
 Confusing Touch          Hex            5%         N/A       97%         3
 Dazzling Flash           Conj/Hex       10%        N/A       97%         3
 Tukima's Dance           Hex            5%         N/A       97%         3


Dungeon Overview and Level Annotations

Branches:
Dungeon (5/15)             Temple (1/1) D:4

Altars:
Ashenzari
Cheibriados
Dithmenos
Fedhas
Gozag
Hepliaklqana
Kikubaaqudgha
Makhleb
Nemelex Xobeh
Qazlal
Ru
Sif Muna
Trog
Uskayaw
Vehumet
Wu Jian
Xom
Zin


Innate Abilities, Weirdness & Mutations

You have very sharp teeth.
Your uncanny sense of smell can sniff out nearby items.
Your experience applies equally to all skills.


Message History

The gnoll hits you but does no damage. x2
You hit the gnoll but do no damage.
The gnoll is heavily wounded.
You block the gnoll's attack. x2
You closely miss the gnoll.
The gnoll is heavily wounded.
The gnoll hits you from afar with a +0 spear.
The gnoll hits you with a +0 club. You block the gnoll's attack.
The gnoll closely misses you.
You hit the gnoll. Your bite misses the gnoll.
The gnoll is severely wounded.
The gnoll closely misses you. The gnoll hits you with a +0 club.
* * * LOW HITPOINT WARNING * * *
You hit the gnoll but do no damage.
The gnoll is severely wounded.
The gnoll hits you but does no damage. You block the gnoll's attack.
The gnoll hits you but does no damage. You block the gnoll's attack.
You barely miss the gnoll. You bite the gnoll.
The gnoll is almost dead.
You block the gnoll's attack. The gnoll barely misses you.
You hit the gnoll.
You kill the gnoll!
The gnoll hits you from afar with a +0 spear.
* * * LOW HITPOINT WARNING * * *
The gnoll hits you from afar with a +0 spear.
* * * LOW HITPOINT WARNING * * *
The gnoll hits you with a +0 spear.
* * * LOW HITPOINT WARNING * * *
Things that are here:
a +0 club; a +0 whip; a gnoll corpse You closely miss the gnoll.
You bite the gnoll, but do no damage. The gnoll hits you with a +0 spear.
* * * LOW HITPOINT WARNING * * *
You closely miss the gnoll. Your bite misses the gnoll.
The gnoll hits you with a +0 spear.
* * * LOW HITPOINT WARNING * * *
You barely miss the gnoll. The gnoll closely misses you.
You block the gnoll's attack.
You closely miss the gnoll. The gnoll hits you with a +0 spear.
You die...

#........................
#.<.....###...[....######
#.........#........##
#.......#.#..(......##
#.......#.>..........####
##########.........#.....
#....###......#### #.####
###.##.###. #@#
##.##..#.< #.g#
#........# #..##
#.#.###.## #.# #. .# #.##
.. #. .# #..# 8#8 ##..
.#$ ### .. # ### ...


You could see a gnoll.

Vanquished Creatures
  2 black bears
  An ogre (D:5)
  A phantom (D:4)
  2 water moccasin skeletons
  3 iguanas (D:5)
  An orc wizard (D:4)
  2 hound skeletons (D:4)
  2 gnolls (D:5)
  5 adders
  A white imp (D:5)
  A worm (D:2)
  11 orcs
  9 endoplasms
  A giant cockroach (D:1)
  4 goblins
  11 hobgoblins
  4 jackals (D:2)
  12 kobolds
  A quokka (D:1)
  6 ball pythons
  2 bats (D:1)
  3 frilled lizards
  2 rats
87 creatures vanquished.

Notes
Turn   | Place    | Note
-------+----------+-------------------------------------------
     0 | D:1      | CougarLife the Gnoll Fighter began the quest for the Orb.
     0 | D:1      | Reached XP level 1. HP: 23/23 MP: 1/1
   240 | D:1      | Reached XP level 2. HP: 29/29 MP: 2/2
   375 | D:1      | You fall into a shaft and drop 1 floor!
   470 | D:2      | Reached XP level 3. HP: 31/35 MP: 2/4
   580 | D:1      | Reached skill level 1 in Invocations
   952 | D:1      | Reached skill level 1 in Short Blades
   952 | D:1      | Reached skill level 1 in Long Blades
   952 | D:1      | Reached skill level 1 in Maces & Flails
   952 | D:1      | Reached skill level 1 in Polearms
   952 | D:1      | Reached skill level 1 in Staves
   952 | D:1      | Reached skill level 1 in Slings
   952 | D:1      | Reached skill level 1 in Bows
   952 | D:1      | Reached skill level 1 in Crossbows
   952 | D:1      | Reached skill level 1 in Throwing
   952 | D:1      | Reached skill level 1 in Dodging
   952 | D:1      | Reached skill level 1 in Stealth
   952 | D:1      | Reached skill level 1 in Unarmed Combat
   952 | D:1      | Reached skill level 1 in Spellcasting
   952 | D:1      | Reached skill level 1 in Evocations
  1098 | D:2      | Reached XP level 4. HP: 41/41 MP: 5/5
  1456 | D:2      | Found a faded altar of an unknown god.
  1701 | D:3      | Reached skill level 1 in Conjurations
  1701 | D:3      | Reached skill level 1 in Hexes
  1701 | D:3      | Reached skill level 1 in Summonings
  1701 | D:3      | Reached skill level 1 in Necromancy
  1701 | D:3      | Reached skill level 1 in Translocations
  1701 | D:3      | Reached skill level 1 in Transmutations
  1701 | D:3      | Reached skill level 1 in Fire Magic
  1701 | D:3      | Reached skill level 1 in Ice Magic
  1701 | D:3      | Reached skill level 1 in Air Magic
  1701 | D:3      | Reached skill level 1 in Earth Magic
  1701 | D:3      | Reached skill level 1 in Poison Magic
  1721 | D:3      | Found a sacrificial altar of Ru.
  2623 | D:4      | Noticed a black bear
  2639 | D:4      | Killed a black bear
  2640 | D:4      | Reached XP level 5. HP: 32/47 MP: 5/7
  2856 | D:4      | Reached XP level 6. HP: 48/53 MP: 8/8
  3213 | D:4      | Reached skill level 5 in Axes
  3722 | D:4      | Found a staircase to the Ecumenical Temple.
  3734 | Temple   | Entered the Ecumenical Temple
  3979 | D:5      | Entered Level 5 of the Dungeon
  3992 | D:5      | Reached XP level 7. HP: 30/59 MP: 10/10
  4245 | D:5      | Found a broken altar of Ashenzari.
  4819 | D:5      | Found a shimmering altar of Xom.
  4985 | D:5      | HP: 3/60 [gnoll/+0 spear (3)]
  4987 | D:5      | Slain by a gnoll

Illustrated notes

Levels and vault maps discovered:
D:1:      minmay_arrival_semitransparent, layout_rooms, minmay_split_cup_large
D:2:      layout_loops_cross, shapermc_ecumenical_altar_venn,
          minmay_tetromino_l4
D:3:      layout_loops_ring, nicolae_overflow_crystal_walls
D:4:      minmay_bubble_buster, layout_gridville,
          minmay_temple_entry_enclosed_plants
D:5:      layout_rooms, ashenzari_altar_1, xom_teletrap_fun,
          minmay_statues_item, minmay_fire_ice_demons
Temple:   eino_wide_crystal_templ

Skill      XL: |  1  2  3  4  5  6  7 |
---------------+----------------------+-----
Invocations    | 1 2 3 |  3.0
Short Blades   | 1 2 |  2.6
Long Blades    | 1 2 |  2.6
Maces & Flails | 1 2 |  2.6
Polearms       | 1 2 |  2.6
Staves         | 1 2 |  2.6
Slings         | 1 2 |  2.6
Bows           | 1 2 |  2.6
Crossbows      | 1 2 |  2.6
Throwing       | 1 2 |  2.6
Dodging        | 1 2 |  2.6
Stealth        | 1 2 |  2.6
Unarmed Combat | 1 2 |  2.6
Spellcasting   | 1 2 |  2.6
Evocations     | 1 2 |  2.6
Conjurations   | 1 2 |  2.1
Hexes          | 1 2 |  2.1
Summonings     | 1 2 |  2.1
Necromancy     | 1 2 |  2.1
Translocations | 1 2 |  2.1
Transmutations | 1 2 |  2.1
Fire Magic     | 1 2 |  2.1
Ice Magic      | 1 2 |  2.1
Air Magic      | 1 2 |  2.1
Earth Magic    | 1 2 |  2.1
Poison Magic   | 1 2 |  2.1
Axes           | 5 |  5.3
Fighting       | 7 |  7.1
Armour         | 7 |  7.1
Shields        | 7 |  7.1

Action                   |  1- 3 |  4- 6 |  7- 9 || total
-------------------------+-------+-------+-------++-------
Melee: War axe           |    95 |   157 |    52 ||   304
       Bite              |     6 |    11 |     4 ||    21
Armor: Scale mail        |    52 |    67 |    16 ||   135
Dodge: Dodged            |    23 |    62 |    20 ||   105
Block: Kite shield       |    50 |   100 |    38 ||   188

Table legend: (Time is in decaauts)
 A = Elapsed time spent in this place.
 B = Non-inter-level travel time spent in this place.
 C = Inter-level travel time spent in this place.
 D = Time resting spent in this place.
 E = Time spent auto-exploring this place.
 F = Levels seen in this place.
 G = Mean time per level.
                   A        B        C        D        E       F      G
               +--------+--------+--------+--------+--------+-----+--------+
         Total |   5119 |   4961 |    158 |    936 |   3314 |   6 |  853.2 |
       Dungeon |   5045 |   4909 |    136 |    936 |   3264 |   5 | 1009.0 |
        Temple |     73 |     51 |     22 |      0 |     50 |   1 |   73.0 |
               +--------+--------+--------+--------+--------+-----+--------+

Top non-repeatable levels by time:
     D:4: 1498 daAuts
     D:5: 1032 daAuts
     D:1: 857 daAuts
     D:3: 834 daAuts
     D:2: 822 daAuts
  Temple: 73 daAuts
